 Dungeon Crawl Stone Soup version 0.17.0-28-g6e173f8 (webtiles) character file.

3740 lorenzova the Devastator (level 9, 45/45 HPs)
             Began as a Deep Elf Conjurer on Nov 30, 2015.
             Drowned
             ... on level 5 of the Dungeon.
             The game lasted 00:13:53 (5890 turns).

lorenzova the Devastator (Deep Elf Conjurer)        Turns: 5890, Time: 00:13:53

Health: 45/45      AC:  4    Str:  5    XL:     9   Next: 93%
Magic:  37/37      EV: 13    Int: 24    God:
Gold:   184        SH:  0    Dex: 15    Spells: 4 memorised, 21 levels left

rFire  . . .     SeeInvis .     (no weapon)
rCold  . . .     Clarity  .     v - -1 robe (curse)
rNeg   . . .     SustAt   .     (no shield)
rPois  +         Gourm    .     j - +2 helmet
rElec  .         Spirit   +     (no cloak)
rCorr  .         Warding  .     (no gloves)
rMut   .         Stasis   .     (no boots)
MR     .....                    f - amulet "Koroexeq" {Spirit rPois MP+9}
Stlth  +.........               (no ring)
                                (no ring)

@: not resistant to hostile enchantments, very unstealthy
A: no striking features
a: no special abilities


You were on level 5 of the Dungeon.
You were not hungry.

You visited 1 branch of the dungeon, and saw 5 of its levels.

You collected 184 gold pieces.

Inventory:

Armour
 a - a +0 robe
 j - a +2 helmet (worn)
 v - a cursed -1 robe (worn)
Jewellery
 f - the amulet "Koroexeq" (around neck) {Spirit rPois MP+9}
   (You found it on level 4 of the Dungeon)

   [amulet of guardian spirit]

   It causes incoming damage to be split between your health and magic.
   It protects you from poison.
   It affects your magic capacity (+9).
 q - a cursed amulet of guardian spirit
 r - a cursed ring of teleportation {unknown}
 u - an uncursed amulet of clarity
Wands
 i - a wand of polymorph (8)
Scrolls
 g - a scroll of magic mapping
 k - 2 scrolls of identify
 m - 2 scrolls of remove curse {unknown}
 t - 2 scrolls of fear
 y - a scroll of immolation {unknown}
 A - a scroll of enchant armour {unknown}
Potions
 d - a potion of invisibility
 e - a potion of curing
 h - a potion of haste {unknown}
 l - a potion of poison {unknown}
 n - a potion of degeneration {unknown}
 o - a potion of lignification {unknown}
 p - 2 potions of agility
Books
 b - a book of Conjurations

   Spells                             Type                      Level
   a - Magic Dart                     Conjuration                  1
   b - Searing Ray                    Conjuration                  2
   c - Dazzling Spray                 Conjuration/Hexes            3
   d - Fulminant Prism                Conjuration/Hexes            4
   e - Iskenderun's Mystic Blast      Conjuration                  4
   f - Iskenderun's Battlesphere      Conjuration/Charms           5
 s - a book of Unlife

   Spells                             Type                      Level
   a - Recall                         Summoning/Translocation      3
   b - Animate Dead                   Necromancy                   4
   c - Control Undead                 Necromancy                   4
   d - Cigotuvi's Embrace             Necromancy                   5
   e - Death Channel                  Necromancy                   6
   f - Simulacrum                     Ice/Necromancy               6
Comestibles
 c - 5 bread rations
 z - a meat ration


   Skills:
 - Level 2.4 Dodging
 - Level 2.4 Stealth
 + Level 13.2 Spellcasting
 * Level 15.1 Conjurations


You had 21 spell levels left.
You knew the following spells:

 Your Spells              Type           Power        Failure   Level  Hunger
a - Magic Dart            Conj           ####         0%          1    None
b - Dazzling Spray        Conj/Hex       ######..     1%          3    None
c - Iskenderun's Mystic   Conj           ######..     1%          4    None
d - Iskenderun's Battles  Conj/Chrm      ######..     6%          5    ###....


Dungeon Overview and Level Annotations

Branches:
Dungeon (5/15)
 Temple: D:4-7

Altars:
Cheibriados
Elyvilon
Gozag
Makhleb
The Shining One

Annotations:
D:4 1 runed door


Message History

It was a potion of ambrosia.
You are confused.
You feel invigorated.
You nearly stumble into some deep water!
Unknown command.
You feel less invigorated.
You feel less confused.
Drink which item? (? for menu, Esc to quit)
It was a potion of flight.
You feel very buoyant.
You fly up into the air.
Found five items.
r - a glowing diamond ring You now have 184 gold pieces (gained 25).
You see here a glowing dagger.
You feel a little less agile now.
Careful!
You are starting to lose your buoyancy.
You float gracefully downwards.
You fall into the water!
You sink like a stone!
You drown...
You die...

#......≈≈≈≈≈≈≈≈≈.......#
#....
#.....≈≈#######≈≈......#
##...
#....≈≈##≈≈≈≈≈##≈≈.....#
##..
###.≈≈##≈≈###≈≈##≈≈#####
##. #.≈##≈≈##≈##≈≈##≈#
## #.≈#≈≈##≈≈≈##≈≈#≈# #
#.≈#≈##≈≈#≈[##≈#≈#
#.≈#≈#≈≈##).(#≈#≈#
#.≈#≈##≈≈##.##@#≈#
#.≈#≈≈##≈≈###≈≈#≈#
#.≈##≈≈##≈##≈≈##
#.≈≈##≈≈#≈#≈≈##
#..≈≈##≈#≈≈≈##
##..≈≈#≈#####≈≈
##..≈≈≈≈≈≈≈≈≈#
##....####### ######


There were no monsters in sight!

Vanquished Creatures
  Sigmund (D:2)
  A sky beast (D:4)
  A big kobold (D:5)
  A scorpion (D:5)
  A water moccasin skeleton (D:5)
  A vampire bat (D:3)
  A giant frog zombie (D:5)
  A giant frog skeleton (D:4)
  2 hounds
  An orc priest (D:4)
  A worker ant (D:4)
  An iguana (D:5)
  2 orc wizards (D:4)
  A hound skeleton (D:5)
  Robin (D:2)
  A shadow imp (D:5)
  11 adders
  3 oozes
  6 giant geckos
  11 orcs
  18 goblins
  10 hobgoblins
  3 jackals (D:2)
  2 quokkas
  4 ball pythons
  13 bats
  6 giant cockroaches
  A giant cockroach zombie (D:5)
  A giant gecko zombie (D:5)
  A giant newt (D:1)
  A jackal skeleton (D:4)
  5 kobolds
  7 rats
121 creatures vanquished.

Notes
Turn   | Place    | Note
--------------------------------------------------------------
     0 | D:1      | lorenzova the Deep Elf Conjurer began the quest for the Orb.
     0 | D:1      | Reached XP level 1. HP: 10/10 MP: 6/6
   164 | D:1      | Reached XP level 2. HP: 15/15 MP: 1/8
   621 | D:1      | Reached skill level 5 in Conjurations
   738 | D:1      | Reached XP level 3. HP: 19/19 MP: 7/10
   743 | D:1      | Learned a level 3 spell: Dazzling Spray
  1138 | D:2      | Noticed Sigmund
  1165 | D:2      | Killed Sigmund
  1165 | D:2      | Reached skill level 5 in Spellcasting
  1165 | D:2      | Reached skill level 6 in Conjurations
  1165 | D:2      | Reached XP level 4. HP: 7/24 MP: 4/13
  1165 | D:2      | Reached XP level 5. HP: 8/28 MP: 4/14
  1385 | D:2      | Learned a level 4 spell: Iskenderun's Mystic Blast
  1487 | D:2      | Noticed Robin
  1576 | D:2      | Killed Robin
  2454 | D:3      | Reached skill level 7 in Conjurations
  2454 | D:3      | Reached XP level 6. HP: 29/32 MP: 6/16
  3069 | D:4      | Found a runed door.
  3069 | D:4      | Noticed an angel
  3070 | D:4      | Found a glowing golden altar of the Shining One.
  3436 | D:3      | Reached XP level 7. HP: 29/36 MP: 13/18
  3600 | D:4      | Got a glittering pewter amulet
  3624 | D:4      | Identified the amulet "Koroexeq" {Spirit rPois MP+9} (You found it on level 4 of the Dungeon)
  3820 | D:4      | Reached skill level 8 in Conjurations
  3967 | D:4      | Found a snail-covered altar of Cheibriados.
  3970 | D:4      | Found an opulent altar of Gozag.
  3972 | D:4      | Found a white marble altar of Elyvilon.
  3972 | D:4      | Found a burning altar of Makhleb.
  4875 | D:5      | Entered Level 5 of the Dungeon
  5150 | D:5      | Reached skill level 9 in Conjurations
  5827 | D:5      | Reached skill level 15 in Conjurations
  5827 | D:5      | Reached XP level 8. HP: 41/41 MP: 20/20
  5834 | D:5      | Learned a level 5 spell: Iskenderun's Battlesphere
  5834 | D:5      | Reached XP level 9. HP: 45/45 MP: 28/28
  5890 | D:5      | Drowned

Action                   |  1- 3 |  4- 6 |  7- 9 || total
-------------------------+-------+-------+-------++-------
Melee: Unarmed           |     1 |       |       ||     1
 Cast: Magic Dart        |    46 |   143 |   109 ||   298
       Dazzling Spray    |       |     5 |    10 ||    15
       Iskenderun's Myst |       |     1 |     2 ||     3
  Use: Scroll            |       |       |     7 ||     7
       Potion            |       |       |     6 ||     6
  Eat: Chunk             |       |     6 |     6 ||    12
       Pizza             |       |       |     1 ||     1
       Beef jerky        |       |       |     1 ||     1
